 Dungeon Crawl Stone Soup version 0.28-b1-25-g9875b3fc8c (webtiles) character file.

Game seed: 4513778016168573793

145858 tilp the Severer (level 16, -1/151 HPs)
             Began as a Minotaur Berserker on Feb 5, 2022.
             Was a High Priest of Trog.
             Slain by a salamander (5 damage)
             ... on level 3 of the Snake Pit.
             The game lasted 00:40:23 (29619 turns).

tilp the Severer (Minotaur Berserker)              Turns: 29619, Time: 00:40:24

Health: -1/151     AC: 41    Str: 28    XL:     16   Next: 88%
Magic:  15/15      EV: 11    Int:  4    God:    Trog [*****.]
Gold:   4426       SH: 16    Dex: 12    Spells: 15/15 levels left

rFire   + . .      SeeInvis .   a - +4 broad axe (venom)
rCold   . . .      Faith    .   r - +0 kite shield {rF+}
rNeg    . . .      Spirit   .   T - +15 Maxwell's patent armour {-Cast -Tele rElec Will+ rCorr}
rPois   +          Reflect  +   (helmet restricted)
rElec   +          Harm     .   d - +2 cloak
rCorr   +          Rampage  .   m - +2 pair of gloves
Will    ++...      NoTele   +   x - +2 pair of boots
Stlth   .......... NoCast   +   G - amulet of reflection
HPRegen 0.35/turn               k - +4 ring of slaying
MPRegen 0.14/turn               w - ring of poison resistance

@: lethally poisoned (-1 -> -7), on berserk cooldown, slowed, very slow
A: horns 2, retaliatory headbutt
a: Renounce Religion, Berserk, Trog's Hand, Brothers in Arms


You were on level 3 of the Snake Pit.
You worshipped Trog.
Trog was extremely pleased with you.
You visited 4 branches of the dungeon, and saw 26 of its levels.
You also visited: Ossuary and Volcano.

You collected 6183 gold pieces.
You spent 1757 gold pieces at shops.

Inventory:

Hand Weapons
 a - a +4 broad axe of venom (weapon)
 b - a +2 battleaxe of flaming
 U - a +1 broad axe
Missiles
 l - a throwing net
 D - 50 poisoned darts (quivered)
 K - 37 boomerangs
 M - 4 javelins
 O - 5 curare-tipped darts
Armour
 d - a +2 cloak (worn)
 m - a +2 pair of gloves (worn)
 o - the +3 pair of boots of Haickum {rC++ Str-2}
   (You found it on level 13 of the Dungeon)

   Str:       It affects your strength (-2).
   rC:        It greatly protects you from cold.
 r - a +0 kite shield of fire resistance (worn)
 x - a +2 pair of boots (worn)
 S - +0 fire dragon scales
 T - the +15 Maxwell's patent armour (worn) {-Cast -Tele rElec Will+ rCorr}
   (You found it on level 4 of the Lair of Beasts)

   rElec:     It insulates you from electricity.
   -Cast:     It prevents spellcasting.
   -Tele:     It prevents most forms of teleportation.
   rCorr:     It protects you from acid and corrosion.
   Will:      It increases your willpower.
 Z - a +4 plate armour of fire resistance
Jewellery
 f - a ring of resist corrosion
 k - a +4 ring of slaying (left hand)
 n - a ring of see invisible
 w - a ring of poison resistance (right hand)
 y - a ring of protection from fire
 E - a +4 ring of slaying
 G - an amulet of reflection (around neck)
Wands
 g - a wand of acid (7)
 j - a wand of iceblast (15)
 q - a wand of polymorph (8)
 t - a wand of flame (29)
 A - a wand of mindburst (7)
 L - a wand of charming (9)
Scrolls
 c - 14 scrolls of teleportation
 h - 4 scrolls of magic mapping
 s - 2 scrolls of silence
 u - 3 scrolls of fear
 F - 3 scrolls of blinking
 J - 15 scrolls of identify
 Q - 3 scrolls of summoning
 W - 2 scrolls of fog
Potions
 e - 2 potions of lignification
 i - 2 potions of resistance
 p - 5 potions of heal wounds
 v - 3 potions of attraction
 z - 5 potions of might
 B - 3 potions of cancellation
 C - 15 potions of curing
 H - 3 potions of haste
 I - 2 potions of invisibility
 N - 5 potions of mutation
 P - 4 potions of ambrosia
 R - 3 potions of flight
Miscellaneous
 V - a phantom mirror
 X - a phial of floods
 Y - a condenser vane


   Skills:
 + Level 16.2 Fighting
 - Level 18.0 Axes
 + Level 9.6 Throwing
 + Level 11.9 Armour
 + Level 13.2 Dodging
 + Level 7.8 Stealth
 + Level 11.8 Shields
 + Level 9.4 Evocations


You had 15 spell levels left.
You didn't know any spells.
Your spell library was empty.

Dungeon Overview and Level Annotations

Branches:
Dungeon (15/15)            Temple (0/1) D:5            Lair (6/6) D:9
  Swamp (0/4) Lair:4        Snake (3/4) Lair:2        Slime (0/5) Lair:5
    Orc (2/2) D:9             Elf (0/3) Orc:2        Vaults (0/5) D:13
 Depths (0/4) D:15        Ossuary (visited)         Volcano (visited)

Altars:
Ashenzari
Cheibriados
Fedhas
Gozag
Kikubaaqudgha
Makhleb
Nemelex Xobeh
Ru
Trog
Vehumet
Yredelemnul
Beogh

Shops:
D:5 *   D:6 *   D:7 *   D:8 *   D:14 [   Orc:1 (?![?   Orc:2 [[(((

Annotations:
D:13 1 transporter


Innate Abilities, Weirdness & Mutations

You have a pair of horns on your head.
You reflexively headbutt those who attack you in melee.


Message History

You kill the salamander!
Trog accepts your kill.
You slash the black mamba!
You kill the black mamba!
Trog accepts your kill.
You feel extremely sick.
The black mamba bites you but does no damage.
The naga sharpshooter shoots a bolt.
The bolt misses you. You block the black mamba's attack.
The naga sharpshooter shoots a bolt.
You reflect the bolt off an invisible shield around you!
The bolt hits the naga sharpshooter!!
You slice the black mamba!!
You kill the black mamba!
Trog accepts your kill.
You feel very sick.
The shock serpent shoots out a bolt of lightning at you!
The bolt of electricity hits you. You resist.
* * * LOW HITPOINT WARNING * * *
The naga sharpshooter spits poison at you.
The splash of poison reflects off an invisible shield around you!
The splash of poison hits the naga sharpshooter.
You feel very sick.
The shock serpent shoots out a bolt of lightning at you!
The bolt of electricity hits you. You resist.
* * * LOW HITPOINT WARNING * * *
There is a stone staircase leading up, spattered with blood here.
You see here a black mamba corpse.
Unknown command.
You feel very sick. The shock serpent bites you.
* * * LOW HITPOINT WARNING * * *
The shock serpent shocks you. You resist.
* * * LOW HITPOINT WARNING * * *
The naga sharpshooter gestures wildly while chanting.
The naga sharpshooter magically shoots a bolt.
The bolt hits you but does no damage. You block the shock serpent's attack.
The salamander hits you from afar with a +0 halberd!
* * * LOW HITPOINT WARNING * * *
You are engulfed in flames.
You resist.
You die...

# .### #
...
..#####.#
......#
#....##
#..)))##
#.)†@).#
#.)#)S...#
#.##..N.##
#. ##.N..#
.# ....#
.# ###.#
## ... ≈.


You could see a naga sharpshooter (catching breath), a salamander and a shock
serpent.

Vanquished Creatures
  Saint Roka (Snake:3)
  Vashnia (Snake:2)
  2 orc warlords
  A dire elephant (D:15)
  A fire dragon (Lair:2)
  4 vault guards (D:13)
  5 boulder beetles
  4 hydras
  4 naga warriors
  A catoblepas (Lair:6)
  2 death knights
  5 anacondas
  5 two-headed ogres
  6 centaur warriors
  16 death yaks
  A deep troll shaman (Lair:6)
  2 shock serpents (Snake:1)
  3 naga sharpshooters
  5 orc high priests
  3 tengu warriors
  Nergalle (D:10)
  A salamander mystic (Snake:2)
  A sea snake (Snake:3)
  8 skeletal warriors
  3 naga ritualists
  Pikel (D:6)
  A phantasmal warrior (D:15)
  2 lindwurms (Lair:6)
  3 deep elf pyromancers
  5 mana vipers
  8 orc knights
  2 wolf spiders (D:15)
  3 manticores
  8 orc sorcerers
  2 ugly things
  4 cyclopes
  An oklob plant (Lair:1)
  8 salamanders
  A guardian serpent (D:13)
  A torpor snail (Lair:3)
  11 elephants (Lair:6)
  A molten gargoyle (Volcano)
  6 naga magi
  22 black mambas
  2 gargoyles (Volcano)
  An unseen horror (D:12)
  Maggie (D:6)
  Psyche (D:10)
  10 cane toads
  4 rime drakes
  8 komodo dragons
  4 kobold demonologists
  3 tengu conjurers
  3 freezing wraiths
  9 trolls
  4 polar bears
  A hornet (D:7)
  Grinder (D:4)
  17 slime creatures
  Prince Ribbit (D:6)
  20 blink frogs
  12 dream sheep
  3 shadows
  35 yaks
  13 humans
  3 fire bats (Lair:2)
  A spriggan (shapeshifter) (D:15)
  11 wyverns
  A fire elemental (Volcano)
  8 basilisks
  4 wraiths
  Grum (D:10)
  A steam dragon (D:5)
  6 wargs
  Edmund (D:4)
  Menkaure (D:5)
  3 acid dragons
  14 nagas
  12 water moccasins
  The ghost of doomedcactus the Covert, an amateur SpDe (D:4)
  2 hell hounds (Lair:5)
  53 orc warriors
  10 black bears
  2 hornet zombies (Ossuary)
  2 ice beasts
  2 sky beasts
  7 ogres
  19 wolves
  26 centaurs
  A lemure (D:6)
  2 phantoms (D:9)
  5 kobold brigands
  19 bullfrogs
  5 water moccasin zombies
  A wyvern skeleton (D:5)
  A scorpion (D:6)
  A gnoll sergeant (D:10)
  4 wyvern zombies
  2 troll zombies (D:9)
  9 killer bees
  4 wights (D:7)
  An electric eel (D:13)
  A howler monkey (D:6)
  12 centaur zombies
  A lava snake (Lair:2)
  2 bullfrog zombies (Ossuary)
  3 hounds
  A jelly (Lair:5)
  Crazy Yiuf (D:4)
  38 orc priests
  A bullfrog skeleton (D:6)
  3 iguanas
  33 orc wizards
  6 hell rats (Lair:5)
  A killer bee zombie (Ossuary)
  4 ogre zombies (D:9)
  A hound skeleton (D:4)
  15 mummies (Ossuary)
  5 howler monkey zombies
  8 gnolls
  4 adders
  A white imp (D:7)
  2 ufetubi
  2 worms
  2 dart slugs (D:1)
  91 orcs
  9 endoplasms
  4 giant cockroaches
  4 goblins
  A hobgoblin (D:1)
  8 jackals
  6 quokkas
  3 ball pythons
  5 frilled lizards
  A goblin skeleton (D:9)
  2 goblin zombies (D:9)
  A hobgoblin skeleton (D:9)
  2 hobgoblin zombies (D:9)
  28 kobolds
  2 orc skeletons (D:9)
  11 orc zombies (D:9)
  A quokka zombie (D:3)
  3 rats (D:1)
904 creatures vanquished.

Vanquished Creatures (collateral kills)
  An orc warlord (Orc:2)
  3 hydras
  2 naga sharpshooters (Snake:2)
  3 orc warriors (Orc:2)
  2 orc wizards (Orc:2)
  2 orcs (Orc:2)
13 creatures vanquished.

Vanquished Creatures (others)
  An orc wizard (D:15)
  An orc (Orc:2)
  16 fungi
  70 plants
  11 withered plants
99 creatures vanquished.

Grand Total: 1016 creatures vanquished

Notes
Turn   | Place    | Note
-------+----------+-------------------------------------------
     0 | D:1      | tilp the Minotaur Berserker began the quest for the Orb.
     0 | D:1      | Reached XP level 1. HP: 19/19 MP: 0/0
   157 | D:1      | Reached skill level 4 in Axes
   159 | D:1      | Reached XP level 2. HP: 14/27 MP: 1/1
   625 | D:1      | Reached XP level 3. HP: 27/33 MP: 2/2
   774 | D:1      | Reached ** piety under Trog
   852 | D:1      | Reached skill level 5 in Axes
  1336 | D:2      | Found a radiant altar of Vehumet.
  2095 | D:3      | Found a faded altar of an unknown god.
  2107 | D:3      | You fall into a shaft and drop 2 floors!
  2107 | D:5      | Entered Level 5 of the Dungeon
  2130 | D:5      | Reached skill level 6 in Axes
  2130 | D:5      | Reached XP level 4. HP: 40/40 MP: 3/3
  2172 | D:5      | Noticed a sky beast
  2213 | D:4      | Noticed Edmund
  2234 | D:4      | Killed Edmund
  2235 | D:4      | Reached XP level 5. HP: 21/46 MP: 4/4
  2557 | D:3      | Reached skill level 1 in Evocations
  2687 | D:3      | Reached skill level 1 in Stealth
  2870 | D:3      | Reached XP level 6. HP: 53/53 MP: 5/5
  3068 | D:4      | Noticed Grinder
  3121 | D:4      | Found a runed translucent door.
  3122 | D:4      | Noticed doomedcactus's ghost (amateur SpDe)
  3122 | D:4      | Noticed an ice beast
  3156 | D:4      | Found a runed translucent door.
  3157 | D:4      | Noticed Crazy Yiuf
  3508 | D:4      | Paralysed by Grinder for 6 turns
  3517 | D:4      | Killed Grinder
  3518 | D:4      | Reached skill level 7 in Axes
  3518 | D:4      | Reached XP level 7. HP: 60/60 MP: 6/6
  4055 | D:4      | Killed Crazy Yiuf
  4155 | D:5      | Reached skill level 5 in Fighting
  4198 | D:5      | Found a staircase to the Ecumenical Temple.
  4225 | D:5      | Found Reulis's Overcharged Wands.
  4242 | D:5      | Reached skill level 8 in Axes
  4307 | D:5      | Found a snail-covered altar of Cheibriados.
  4493 | D:5      | Noticed a steam dragon
  4499 | D:5      | Killed a steam dragon
  4500 | D:5      | Reached XP level 8. HP: 59/70 MP: 7/7
  4683 | D:5      | Noticed Menkaure
  4691 | D:5      | Killed Menkaure
  4692 | D:5      | Reached skill level 9 in Axes
  5082 | D:6      | Noticed Prince Ribbit
  5093 | D:6      | Reached skill level 10 in Axes
  5093 | D:6      | Killed Prince Ribbit
  5100 | D:6      | Noticed Maggie
  5103 | D:6      | Reached skill level 1 in Throwing
  5103 | D:6      | Reached XP level 9. HP: 55/75 MP: 8/8
  5117 | D:6      | HP: 2/75 [Maggie (6)]
  5122 | D:6      | Killed Maggie
  5123 | D:6      | Reached skill level 11 in Axes
  5227 | D:6      | Found a sacrificial altar of Ru.
  5449 | D:6      | Found Gozag's Platinum Reserve.
  5524 | D:6      | Found a sand-covered staircase.
  5529 | Ossuary  | Entered an ossuary
  5548 | Ossuary  | Reached skill level 5 in Armour
  5567 | Ossuary  | Reached skill level 1 in Shields
  5655 | Ossuary  | Reached skill level 5 in Dodging
  5786 | Ossuary  | Reached *** piety under Trog
  5870 | Ossuary  | Reached XP level 10. HP: 63/86 MP: 9/9
  6023 | Ossuary  | Reached skill level 5 in Evocations
  6401 | D:6      | Noticed Pikel
  6405 | D:6      | Found an opulent altar of Gozag.
  6428 | D:6      | Killed Pikel
  6429 | D:6      | Reached skill level 12 in Axes
  7009 | D:7      | Found Wagag's General Store.
  7015 | D:7      | Bought a scroll of teleportation for 30 gold pieces
  7197 | D:7      | Found a bloodstained altar of Trog.
  7261 | D:7      | Found an ancient bone altar of Kikubaaqudgha.
  7274 | D:7      | Reached **** piety under Trog
  7522 | D:7      | Found a blossoming altar of Fedhas.
  7964 | D:8      | Found a burning altar of Makhleb.
  8136 | D:8      | Found Pumaik's CLEARANCE SALE!.
  8191 | D:8      | Noticed a two-headed ogre
  8197 | D:8      | Killed a two-headed ogre
  8256 | D:8      | Reached XP level 11. HP: 94/94 MP: 10/10
  8437 | D:8      | Found a sparkling altar of Nemelex Xobeh.
  8493 | D:9      | Found a staircase to the Orcish Mines.
  8791 | D:9      | Noticed a two-headed ogre
  8799 | D:9      | Killed a two-headed ogre
  8800 | D:9      | Reached skill level 13 in Axes
  8819 | D:9      | Reached ***** piety under Trog
  9054 | D:9      | Found a basalt altar of Yredelemnul.
  9098 | D:9      | Found a staircase to the Lair.
  9538 | D:10     | Entered Level 10 of the Dungeon
  9545 | D:10     | Noticed a fire giant
  9548 | D:10     | Noticed a death knight
  9550 | D:10     | Noticed a boulder beetle
  9554 | D:10     | Noticed an ogre mage
  9655 | D:10     | Noticed Grum
  9668 | D:10     | Killed Grum
  9738 | D:10     | Found a broken altar of Ashenzari.
 10061 | D:10     | Reached skill level 14 in Axes
 10224 | D:10     | Noticed Psyche
 10232 | D:10     | Noticed a two-headed ogre
 10237 | D:10     | Killed Psyche
 10249 | D:10     | Killed a two-headed ogre
 10250 | D:10     | Reached skill level 10 in Fighting
 10417 | D:10     | Noticed Nergalle
 10432 | D:10     | Killed Nergalle
 10588 | D:11     | Noticed a boulder beetle
 10629 | D:11     | Noticed a five-headed hydra
 10638 | D:11     | Killed a seven-headed hydra
 10823 | D:11     | Killed a boulder beetle
 10988 | D:11     | Reached XP level 12. HP: 91/106 MP: 11/11
 11018 | D:11     | Reached skill level 5 in Shields
 11269 | D:11     | Noticed a boulder beetle
 11281 | D:11     | Killed a boulder beetle
 11542 | Lair:1   | Entered Level 1 of the Lair of Beasts
 11563 | Lair:1   | Received a gift from Trog
 11569 | Lair:1   | Reached skill level 5 in Throwing
 11675 | Lair:1   | Noticed a six-headed hydra
 11680 | Lair:1   | Killed a six-headed hydra
 11704 | Lair:1   | Found a blossoming altar of Fedhas.
 11776 | Lair:1   | Reached skill level 5 in Stealth
 12676 | Lair:2   | Found a staircase to the Snake Pit.
 13388 | Lair:2   | Noticed a fire dragon
 13416 | Lair:2   | Killed a fire dragon
 14024 | Lair:3   | Reached XP level 13. HP: 116/116 MP: 12/12
 14607 | Lair:4   | Found the +15 Maxwell's patent armour {-Cast -Tele rElec
                  | Will+ rCorr}
 14997 | Lair:4   | Received a gift from Trog
 14998 | Lair:4   | Reached skill level 10 in Dodging
 15503 | Lair:4   | Found a staircase to the Swamp.
 16105 | Lair:5   | Found a staircase to the Slime Pits.
 16176 | Lair:5   | Reached skill level 15 in Axes
 16751 | Lair:6   | Entered Level 6 of the Lair of Beasts
 16832 | Lair:6   | Reached skill level 16 in Axes
 17058 | Lair:6   | Reached XP level 14. HP: 107/126 MP: 13/13
 17242 | Lair:6   | Received a gift from Trog
 17350 | Lair:6   | Reached skill level 17 in Axes
 17462 | Lair:6   | Reached skill level 18 in Axes
 18392 | Lair:6   | Identified the +7 falchion "Nasui" {vorpal, MP-9 Int+4}
 18597 | Orc:1    | Entered Level 1 of the Orcish Mines
 18597 | Orc:1    | Found Runairch's Magic Scroll Shoppe.
 18608 | Orc:1    | Noticed an orc warlord
 18633 | Orc:1    | Killed an orc warlord
 18659 | Orc:1    | Found Raukkac's Distillery.
 18705 | Orc:1    | Found Vaewabar's Magic Scroll Emporium.
 18724 | Orc:1    | Found Uwud's Antique Weapon Boutique.
 18850 | Orc:1    | Found a dark tunnel.
 18863 | Volcano  | Entered a volcano
 18920 | Volcano  | Identified a scroll of acquirement
 19118 | Orc:1    | Bought a scroll of enchant armour for 105 gold pieces
 19118 | Orc:1    | Bought a scroll of blinking for 105 gold pieces
 19272 | Orc:1    | Found Qiapsis's Antique Armour Shop.
 19280 | Orc:1    | Bought a pair of glowing boots for 165 gold pieces
 19309 | Orc:1    | Bought a scroll of identify for 30 gold pieces
 19309 | Orc:1    | Bought a scroll of enchant weapon for 112 gold pieces
 19309 | Orc:1    | Bought a scroll of enchant armour for 112 gold pieces
 19309 | Orc:1    | Bought a scroll of teleportation for 45 gold pieces
 19309 | Orc:1    | Bought a scroll of fear for 52 gold pieces
 19460 | Orc:1    | Received a gift from Trog
 19984 | Orc:1    | Bought a potion of flight for 42 gold pieces
 20162 | D:4      | Killed doomedcactus's ghost
 20611 | Orc:2    | Entered Level 2 of the Orcish Mines
 20633 | Orc:2    | Noticed an orc warlord
 20642 | Orc:2    | Reached XP level 15. HP: 135/135 MP: 14/14
 20646 | Orc:2    | Killed an orc warlord
 20851 | Orc:2    | Found a staircase to the Elven Halls.
 20894 | Orc:2    | Paralysed by an orc sorcerer for 5 turns
 21075 | Orc:2    | Reached skill level 10 in Shields
 21075 | Orc:2    | Found Ottobouh's Antique Weapon Shoppe.
 21080 | Orc:2    | Reached skill level 10 in Armour
 21123 | Orc:2    | Found Mitsycifi's Antique Weapon Shoppe.
 21125 | Orc:2    | Reached ****** piety under Trog
 21229 | Orc:2    | Received a gift from Trog
 21287 | Orc:2    | Found Yliqea's Antique Armour Boutique.
 21538 | Orc:2    | Noticed an orc warlord
 21548 | Orc:2    | Killed an orc warlord
 21565 | Orc:2    | Found Ycianuwn's Antique Armour Shop.
 21592 | Orc:2    | Found Muestriu's Antique Weapon Boutique.
 21831 | Orc:1    | Bought a scroll of enchant weapon for 105 gold pieces
 21831 | Orc:1    | Bought a scroll of summoning for 133 gold pieces
 21831 | Orc:1    | Bought a scroll of enchant weapon for 105 gold pieces
 21831 | Orc:1    | Bought a scroll of torment for 105 gold pieces
 21831 | Orc:1    | Bought a scroll of silence for 105 gold pieces
 21831 | Orc:1    | Bought a scroll of fog for 28 gold pieces
 21854 | Orc:1    | Bought a potion of curing for 42 gold pieces
 21854 | Orc:1    | Bought a potion of curing for 42 gold pieces
 21854 | Orc:1    | Bought a potion of heal wounds for 70 gold pieces
 21854 | Orc:1    | Bought a potion of mutation for 112 gold pieces
 21854 | Orc:1    | Bought a potion of curing for 42 gold pieces
 21854 | Orc:1    | Bought a potion of heal wounds for 70 gold pieces
 23435 | D:13     | Reached skill level 15 in Fighting
 23552 | D:13     | Found a gate to the Vaults.
 23852 | D:13     | Found a transporter.
 24142 | D:13     | Identified the +3 robe "Irenaix" {Will+ Str+2}
 24152 | D:13     | Identified the +1 mace "Xuogiff" {pain, rF+ Dex-4 SInv}
 24163 | D:13     | Identified the +3 pair of boots of Haickum {rC++ Str-2}
 24346 | D:14     | Received a gift from Trog
 24443 | D:14     | Found Ischep's Antique Armour Shop.
 24820 | D:14     | Identified the +3 ring mail of Impermeability {Str+6}
 24844 | D:15     | Entered Level 15 of the Dungeon
 25198 | D:15     | Reached XP level 16. HP: 71/149 MP: 15/15
 25920 | D:15     | Found a staircase to the Depths.
 26452 | Snake:1  | Entered Level 1 of the Snake Pit
 26694 | Snake:1  | Acquired 1210 gold pieces
 26722 | Snake:1  | Found a snail-covered altar of Cheibriados.
 28233 | Snake:2  | Received a gift from Trog
 28357 | Snake:2  | Identified the +10 war axe "Vaing" {venom, *Noise rC++
                  | Str+4}
 28602 | Snake:2  | Noticed Vashnia
 28610 | Snake:2  | Found a sacrificial altar of Ru.
 28633 | Snake:2  | Killed Vashnia
 29578 | Snake:3  | Noticed Saint Roka
 29592 | Snake:3  | Killed Saint Roka
 29619 | Snake:3  | HP: 4/151 [salamander (9)]
 29619 | Snake:3  | Slain by a salamander

Illustrated notes

Levels and vault maps discovered:
D:1:      minmay_arrival_loop, layout_loops_ring, chequers_serial_rivers_micro_b
D:2:      cheibrodos_old_hovel, layout_basic, basic_altar
D:3:      layout_basic, nicolae_ecumenical_oubliette, minmay_vboxes
D:4:      layout_cave_pools, ebering_ghost_inner_flame, serial_bayou,
          serial_bayou_pond_a, serial_bayou_lagoon_a, serial_bayou_ford_a,
          serial_bayou_shore_b, kennysheep_cluttered_room, minivault_27,
          uniq_edmund, uniq_grinder, uniq_crazy_yiuf_cottage
D:5:      layout_gridville, mainiacjoe_overflow_alcove_4, temple_pool_b,
          amcnicky_mini_corridor_feature, nicolae_shop_overcharged_wands,
          uniq_menkaure
D:6:      minmay_chambers_of_sixes, layout_loops_ring, lemuel_crystal_altar,
          nicolae_gozag_zags_fifth_avenue, enter_ossuary_5, minmay_ruffians,
          uniq_pikel, uniq_maggie, uniq_prince_ribbit1
D:7:      layout_layer_cave, mainiacjoe_overflow_concentric_impassable,
          kiku_gazebo_garden_becter, fedhas_altar_3, serial_shops, shop
D:8:      layout_gridville, mainiacjoe_overflow_chevrons,
          mainiacjoe_overflow_24_doors, nicolae_shop_clearance
D:9:      layout_cave_pools, yredelemnul_altar_generic, lair_entry_dummy,
          zombieorc1_lemuel, minmay_variable_closet
D:10:     layout_basic, mainiacjoe_overflow_alcove_1,
          onia_ninara_dug_in_and_dangerous, uniq_grum, uniq_nergalle,
          uniq_psyche
D:11:     layout_basic
D:12:     layout_grid_maze
D:13:     emtedronai_trogs_sanctum, layout_basic, ximxim_vaults_locker_room,
          fake_guardian_serpent_vault
D:14:     layout_roguey, chequers_decorated_corner, serial_shops, shop
D:15:     hangedman_depths_entry_try_elsewhere_first, layout_basic,
          interstate_on_off, grunt_potential
Lair:1:   layout_cave_pods, minivault_25, lemuel_oklob_altar
Lair:2:   dragon1_lemuel, layout_loops_ring, guppyfry_snake_entry_island,
          guppyfry_lair_drakes
Lair:3:   layout_cellular_growth, minivault_27, beast_lair_carwin_8
Lair:4:   layout_roguey, swamp_mist, dreamdust_deal_with_the_devil,
          serial_bayou_shore_b, grunt_megastairs_5, infiniplex_staircase_pool
Lair:5:   layout_long_grid, minmay_slime_entry_pillars, special_room
          [special_room_mythical_zoo], chequers_serial_rivers_marsh,
          grunt_megastairs_1
Lair:6:   grunt_lair_end_beastmaster, layout_gridlike, grunt_megastairs_2
Snake:1:  layout_layer_cave, basic_altar
Snake:2:  layout_onion, basic_altar, grunt_ministairs_8, drop_trap,
          st_stairs_12, uniq_vashnia
Snake:3:  layout_chambers, nicolae_specific_store, nicolae_snake_gridmaze_waves,
          guppyfry_snake_island, uniq_saint_roka
Orc:1:    orc_temple, layout_diamond_mine, lightli_volcano_entry_magma_tube,
          serial_shops, shop, shop, nicolae_shop_window_shopping,
          nicolae_square_shop, shop_statue, lemuel_statue_altar
Orc:2:    grunt_orc_community_town_hall, layout_caves,
          grunt_orc_community_big_house_2, grunt_orc_community_big_house_2,
          grunt_orc_community_house_1, grunt_orc_community_house_3,
          grunt_orc_community_house_2, grunt_orc_community_house_1,
          grunt_orc_community_house_3, grunt_orc_community_house_3,
          serial_shops, nicolae_shop_competitors_out_of_business

Skill      XL: |  1  2  3  4  5  6  7  8  9 10 11 12 13 14 15 16 |
---------------+-------------------------------------------------+-----
Fighting       | 4 5 6 7 8 10 11 12 13 15 16 | 16.2
Axes           | 4 6 7 8 10 11 12 14 16 18 | 18.0
Evocations     | 1 3 4 5 6 7 8 9 |  9.4
Armour         | 3 4 5 6 8 9 10 11 | 11.9
Stealth        | 1 2 3 4 5 6 7 |  7.8
Dodging        | 3 4 5 6 8 9 10 11 12 13 | 13.2
Throwing       | 1 2 4 6 8 9 |  9.6
Shields        | 2 4 6 8 9 10 11 | 11.8

Action                   |  1- 3 |  4- 6 |  7- 9 | 10-12 | 13-15 | 16-18 || total
-------------------------+-------+-------+-------+-------+-------+-------++-------
Melee: Hand axe          |    82 |    64 |   210 |   456 |       |       ||   812
       Headbutt          |     9 |     8 |    52 |   141 |   194 |    95 ||   499
       Punch             |       |       |     1 |       |       |       ||     1
       Unarmed           |       |       |       |     6 |       |       ||     6
       Broad axe         |       |       |       |   118 |   863 |   324 ||  1305
       Eveningstar       |       |       |       |       |    13 |       ||    13
Invok: Berserk           |       |     2 |     4 |    10 |    10 |     2 ||    28
       Trog's Hand       |       |       |     2 |     2 |     7 |     1 ||    12
       Brothers in Arms  |       |       |       |     2 |     2 |     1 ||     5
  Use: Scroll            |     4 |     5 |     5 |    11 |     5 |     4 ||    34
       Potion            |       |       |     4 |       |     1 |     2 ||     7
 Stab: Sleeping          |       |       |       |     5 |     2 |       ||     7
       Distracted        |       |       |       |     1 |       |       ||     1
Armor: Ring mail         |    20 |       |       |       |       |       ||    20
       Animal skin       |     1 |       |       |       |       |       ||     1
       Chain mail        |     8 |       |       |       |       |       ||     8
       Swamp dragon scal |     2 |    13 |    64 |   124 |    20 |       ||   223
       Plate armour      |       |       |       |       |   376 |   134 ||   510
Dodge: Dodged            |    40 |    29 |   110 |   330 |   281 |    71 ||   861
Block: Buckler           |       |       |    10 |   197 |   199 |       ||   406
       Reflection        |       |       |       |     6 |    29 |    35 ||    70
       Kite shield       |       |       |       |       |   293 |   248 ||   541
